 Dungeon Crawl Stone Soup version 0.31.0-12-g77e489cdc1 (webtiles) character file.

Game seed: 16367250124941150276

43 Ekphrasis the Trooper (level 3, 0/33 HPs)
             Began as a Draconian Chaos Knight on Feb 26, 2024.
             Was a Plaything of Xom.
             Slain by Sigmund
             ... wielding a +0 scythe
              (13 damage)
             ... on level 2 of the Dungeon.
             The game lasted 00:04:44 (1237 turns).

Ekphrasis the Trooper (Draconian Chaos Knight)      Turns: 1237, Time: 00:04:45

Health: 0/33       AC:  5    Str: 16    XL:     3   Next: 37%
Magic:  3/3        EV: 12    Int: 18    God:    Xom [...*..]
Gold:   109        SH:  0    Dex: 10    Spells: 2/2 levels left

rFire   . . .        a - +1 hand axe (chaos)
rCold   . . .        (no shield)
rNeg    . . .        (body armour unavailable)
rPois   .            (helmet restricted)
rElec   .            h - scarf of Incorporation {repulsion, Harm Will- Str+2 Int+4}
rCorr   .            (no gloves)
SInv    .            (no boots)
Will    .....        d - amulet of magic regeneration
Stlth   +            (no ring)
HPRegen 0.25/turn    (no ring)
MPRegen 0.48/turn

%: harm (+30% outgoing, +20% incoming), repel missiles
@: confused, attractive
A: AC +5, unfitting armour, cold-blooded
a: Renounce Religion


You were on level 2 of the Dungeon.
You worshipped Xom.
You were a favourite toy of Xom.
You visited 1 branch of the dungeon, and saw 2 of its levels.

You collected 109 gold pieces.

Inventory:

Hand Weapons
 a - a +1 hand axe of chaos (weapon)
Missiles
 g - 2 poisoned darts (quivered)
Armour
 h - the scarf of Incorporation (worn) {repulsion, Harm Will- Str+2 Int+4}
   (You acquired it on level 2 of the Dungeon)

   Str+2:     It affects your strength (+2).
   Int+4:     It affects your intelligence (+4).
   Will-:     It decreases your willpower.
   Harm:      It increases damage dealt and taken.
Jewellery
 d - an amulet of magic regeneration (around neck)
Scrolls
 c - 2 scrolls of fear
Potions
 e - a potion of curing {unknown}
 f - 3 potions of enlightenment {unknown}


   Skills:
 * Level 3.8 Fighting
 * Level 3.5 Axes
 * Level 0.2 Throwing
 * Level 2.5 Dodging
 * Level 0.6 Stealth


You had 2 spell levels left.
You didn't know any spells.
Your spell library was empty.

Dungeon Overview and Level Annotations

Branches:
Dungeon (2/15)

Altars:

Annotations:
D:2 Sigmund


Innate Abilities, Weirdness & Mutations

Your plain brown scales are hard. (AC +5)
You cannot fit into any form of body armour.
You are cold-blooded and may be slowed by cold attacks.


Message History

Autopickup is now on.
Your butterfly disappears in a burst of colours!
Sigmund gestures at you while chanting.
You are confused.
Xom opens a gate.
Sigmund hits you with a +0 scythe.
Okay, then.
Sigmund gestures at you while chanting.
You are more confused.
Sigmund hits your shadow imp with a +0 scythe.
Your shadow imp hits Sigmund.
Your shadow imp hits Sigmund.
Okay, then.
Sigmund casts a spell at you.
Your shadow imp appears confused.
Sigmund casts a spell at you.
You are more confused.
You see here a +0 long sword of flaming.
Sigmund gestures at you while chanting. The magic dart hits you.
Level annotation: Sigmund Welcome back, Ekphrasis the Draconian Chaos Knight.
Xom snickers.
Press ? for a list of commands and other information.
Okay, then.
Sigmund closely misses you.
Your shadow imp seems less confused.
Sigmund points at you and mumbles some strange words.
The puff of flame misses your shadow imp.
The puff of flame hits you.
Your shadow imp misses Sigmund.
Sigmund closely misses you.
Your shadow imp hits Sigmund.
Your shadow imp hits Sigmund but does no damage.
Xom grants you a minor favour.
You feel attractive to monsters.
Sigmund hits you from afar with a +0 scythe!
Your shadow imp hits Sigmund.
Sigmund hits you from afar with a +0 scythe!
You die...
Sigmund begins carving another notch in his scythe.
Xom guffaws!

#.....###.......# ##.##.#
#.....##.........####...#.#####.#
.......'.........................
#...####..........###...#.#######
#..## ##.......#.# ##.@#.# #.##
##.....##.# #...b.# #.#
##...###.# #.#.### #.##
###+####)###.#.# ...#
#......@5@.....# ...#
#.#.#####.##.### ...# #.#.##
#.##.# #.##### #....####.##.#
......# #............# #.###.#
#.<.......####
#.###.####.........#
#..........#.#.##.##
#####)###......##.


You could see Sigmund (ally target) and a friendly shadow imp (summoned).

Vanquished Creatures
  A gnoll (D:1)
  4 dart slugs (D:1)
  3 ball pythons (D:1)
  An endoplasm (D:2)
  A giant cockroach (D:1)
  A goblin (D:2)
  A hobgoblin (D:1)
  A quokka (D:1)
  A bat (D:1)
  3 frilled lizards (D:1)
  7 kobolds
  A rat (D:1)
25 creatures vanquished.

Notes
Turn   | Place    | Note
-------+----------+-------------------------------------------
     0 | D:1      | Ekphrasis the Draconian Chaos Knight began the quest for
                  | the Orb.
     0 | D:1      | Reached XP level 1. HP: 19/19 MP: 1/1
   147 | D:1      | XOM: divination: detect creatures
   177 | D:1      | Reached XP level 2. HP: 26/26 MP: 2/2
   250 | D:1      | XOM: 1-stop teleportation journey
   268 | D:1      | XOM: noise
   378 | D:1      | XOM: god gift: 45 gold pieces
   415 | D:1      | XOM: 8-stop teleportation journey
   436 | D:1      | XOM: silly message
   696 | D:1      | Reached XP level 3. HP: 33/33 MP: 3/3
  1080 | D:2      | Identified a scroll of acquirement
  1080 | D:2      | Acquired the scarf of Incorporation {repulsion, Harm Will-
                  | Str+2 Int+4}
  1152 | D:2      | Noticed Sigmund
  1200 | D:2      | XOM: polymorph butterfly -> shapeshifter
  1223 | D:2      | XOM: summons friendly shadow imp
  1236 | D:2      | XOM: potion effect (attraction)
  1237 | D:2      | Slain by Sigmund

Illustrated notes

Levels and vault maps discovered:
D:1:      dpeg_arrival_arbitrary_c, layout_loops_corners
D:2:      layout_loops_corners, uniq_sigmund, uniq_jessica

Action                     || total
---------------------------++-------
  Melee: Hand axe          ||    53
         Tailslap          ||     8
  Throw: Dart              ||    17
    Use: Scroll            ||     8
   Stab: Sleeping          ||     1
 Armour: Skin              ||    43
  Dodge: Dodged            ||    48
